 Dungeon Crawl Stone Soup version 0.26.1-2-gb8aa6d0cf2 (webtiles) character file.

Game seed: 17528625030053176269

229 pascalblue the Digger (level 6, -4/32 HPs)
             Began as a Gargoyle Earth Elementalist on Mar 8, 2021.
             Killed from afar by a white imp (7 damage)
             ... with a puff of frost
             ... on level 4 of the Dungeon.
             The game lasted 00:11:39 (4286 turns).

pascalblue the Digger (Gargoyle Earth Elementalist) Turns: 4286, Time: 00:11:39

Health: -4/32      AC:  6    Str: 11    XL:     6   Next: 3%
Magic:  13/30      EV: 12    Int: 18    God:
Gold:   147        SH:  0    Dex: 10    Spells: 9/13 levels left

rFire    . . .     SeeInvis .   o - +1 short sword (holy)
rCold    . . .     Faith    .   (no shield)
rNeg     + . .     Spirit   .   c - +0 robe
rPois    ∞         Reflect  .   (no helmet)
rElec    +         Harm     .   k - scarf {shadows}
rCorr    .         Rampage  .   (no gloves)
Will     .....                  (no boots)
Stlth    ++........             (no amulet)
HPRegen  0.10/turn              g - ring of magical power
MPRegen  0.22/turn              l - ring of magical power

@: no status effects
A: negative energy resistance 1, electricity resistance, unbreathing,
petrification resistance, miasma immunity, AC +4
a: no special abilities


You were on level 4 of the Dungeon.
You visited 1 branch of the dungeon, and saw 4 of its levels.

You collected 147 gold pieces.

Inventory:

Hand Weapons
 e - a +0 short sword
 o - a +1 short sword of holy wrath (weapon)
 p - a +1 dagger of holy wrath
Missiles
 b - 3 stones
 h - 16 poisoned darts
 i - 42 sling bullets
 j - 75 arrows
Armour
 c - a +0 robe (worn)
 k - a scarf of shadows (worn)
Jewellery
 g - a ring of magical power (left hand)
 l - a ring of magical power (right hand)
 m - an uncursed ring of attention
Scrolls
 a - 5 scrolls of remove curse
 d - a scroll of enchant armour {unknown}
Potions
 f - a potion of ambrosia
 n - a potion of flight {unknown}
 r - 2 potions of degeneration


   Skills:
 - Level 1.5 Dodging
 - Level 2.1 Stealth
 * Level 4.0 Spellcasting
 + Level 1.5 Conjurations
 - Level 1.0 Transmutations
 * Level 5.8 Earth Magic


You had 9 spell levels left.
You knew the following spells:

 Your Spells              Type           Power        Failure   Level
a - Sandblast             Erth           24%          1%          1
b - Stone Arrow           Conj/Erth      16%          10%         3

Your spell library contained the following spells:

 Spells                   Type           Power        Failure   Level
 Passwall                 Tmut/Erth      5%           5%          2
 Petrify                  Tmut/Erth      7%           34%         4
 Lee's Rapid Deconstruct  Erth           6%           36%         5


Dungeon Overview and Level Annotations

Branches:
Dungeon (4/15)
 Temple: D:4-7

Altars:


Innate Abilities, Weirdness & Mutations

You are resistant to torment.
Your stone body is resilient. (AC +4)
You are immune to poison.
You resist negative energy. (rN+)
You are resistant to electric shocks. (rElec)
You can survive without breathing.
You are immune to petrification.
You are immune to miasma.


Message History

Confirm with . or Enter, or press ? or * to list all spells.
Aiming: Sandblast (safe; 1% risk of failure)
Press: ? - help, Shift-Dir - straight line, f - orc
Aim: an orc, wielding a +0 flail (purple smoke, 21% to evade)
You feel a numb sensation.
The blast of sand hits the orc!
You kill the orc!
Casting: Sandblast (safe; 1% risk of failure)
Confirm with . or Enter, or press ? or * to list all spells.
Aiming: Sandblast (safe; 1% risk of failure)
Press: ? - help, Shift-Dir - straight line, f - jackal
Aim: a jackal (26% to evade)
You feel a numb sensation.
The blast of sand hits the jackal!
You kill the jackal!
Your Spellcasting skill increases to level 4!
This spell is potentially lethal to cast!
Memorise Lee's Rapid Deconstruction, consuming 5 spell levels and leaving 4?
You start memorising the spell.
You continue memorising.
The white imp gestures at you.
Your memorisation is interrupted.
The puff of frost hits you!
You die...

... #.# #.# #.#
#5# #)# #.# #@#
###.#####.
#.........
#######.#.###.##
..........#
#######...#
#...# #...#
#...#


You could see a white imp.

Vanquished Creatures
  An orc priest (D:3)
  Natasha (D:4)
  An orc wizard (D:3)
  5 adders
  A white imp (D:3)
  A worm (D:2)
  2 dart slugs (D:1)
  4 leopard geckos
  7 orcs
  2 ball pythons
  7 bats
  3 giant cockroaches
  2 goblins (D:3)
  9 hobgoblins
  6 jackals
  4 quokkas
  5 frilled lizards
  12 kobolds
  8 rats
81 creatures vanquished.

Notes
Turn   | Place    | Note
-------+----------+-------------------------------------------
     0 | D:1      | pascalblue the Gargoyle Earth Elementalist began the quest
                  | for the Orb.
     0 | D:1      | Reached XP level 1. HP: 10/10 MP: 3/3
   431 | D:1      | Reached skill level 1 in Transmutations
   431 | D:1      | Reached XP level 2. HP: 14/15 MP: 1/5
   605 | D:1      | Reached skill level 4 in Earth Magic
   882 | D:1      | Reached XP level 3. HP: 13/19 MP: 6/6
  1687 | D:2      | Reached XP level 4. HP: 15/24 MP: 2/8
  2021 | D:2      | Reached skill level 5 in Earth Magic
  2157 | D:2      | Learned a level 3 spell: Stone Arrow
  2771 | D:3      | Reached XP level 5. HP: 28/28 MP: 1/10
  3400 | D:3      | Reached skill level 1 in Conjurations
  4254 | D:4      | Noticed Natasha
  4282 | D:4      | Killed Natasha
  4283 | D:4      | Reached XP level 6. HP: 3/32 MP: 11/11
  4286 | D:4      | Killed from afar by a white imp

Illustrated notes

Levels and vault maps discovered:
D:1:      amcnicky_arrival_abandoned_market, layout_loops_ring,
          minmay_liquid_box
D:2:      layout_rooms
D:3:      layout_basic, minmay_misc_feat_room
D:4:      layout_loops_ring, minmay_temple_entry_mini_moons, dk_vineyard_1,
          st_stairs_5, uniq_natasha, uniq_blork_the_orc

Skill      XL: |  1  2  3  4  5  6 |
---------------+-------------------+-----
Transmutations | 1 |  1.0
Earth Magic    | 4 5 |  5.8
Spellcasting   | 3 4 |  4.0
Conjurations   | 1 |  1.5
Dodging        | |  1.5
Stealth        | |  2.1

Action                   |  1- 3 |  4- 6 || total
-------------------------+-------+-------++-------
Melee: Short sword       |   127 |   198 ||   325
       Unarmed           |     4 |       ||     4
 Cast: Sandblast         |    28 |    62 ||    90
  Use: Scroll            |     3 |     6 ||     9
 Stab: Sleeping          |     2 |     2 ||     4
Armor: Robe              |    56 |    92 ||   148
Dodge: Dodged            |    97 |   172 ||   269
